 Dungeon Crawl Stone Soup version 0.17-a0-1738-g82cdc46 (webtiles) character file.

3231 kae the Martial Artist (level 9, -1/63 HPs)
             Began as a Demonspawn Monk on Aug 30, 2015.
             Was a Priest of Qazlal.
             Slain by a komodo dragon (15 damage)
             ... on level 1 of the Lair of Beasts.
             The game lasted 00:09:02 (8478 turns).

kae the Martial Artist (Demonspawn Monk)            Turns: 8478, Time: 00:09:02

Health: -1/63      AC:  4    Str: 12    XL:     9   Next: 66%
Magic:  9/10       EV: 14    Int: 12    God:    Qazlal [***...]
Gold:   494        SH:  4    Dex: 24    Spells: 0 memorised, 8 levels left

rFire  . . .     SeeInvis .       - Unarmed
rCold  + . .     Rnd*Rage +     y - +2 robe {rC+}
rNeg   . . .     SustAt   .     (no shield)
rPois  .         Gourm    .     (helmet restricted)
rElec  .         Spirit   .     C - +0 cloak
rCorr  .         Warding  .     (gloves unavailable)
rMut   .         Stasis   .     (no boots)
MR     .....                    (no amulet)
Stlth  ++........               (no ring)
                                g - +6 ring of dexterity

@: not resistant to hostile enchantments, unstealthy
A: antennae 1, claws 3, hooves 1, berserk 1, deformed body, low mp 1, spiny 2
a: Upheaval, Elemental Force, Renounce Religion


You were on level 1 of the Lair of Beasts.
You worshipped Qazlal.
Qazlal was most pleased with you.
You were not hungry.

You visited 3 branches of the dungeon, and saw 10 of its levels.
You also visited: Sewer.

You collected 494 gold pieces.

Inventory:

Missiles
 v - a throwing net (quivered)
Armour
 y - a +2 robe of cold resistance (worn)
 C - a +0 cloak (worn)
Jewellery
 e - a cursed ring of loudness {unknown}
 g - a +6 ring of dexterity (left claw)
 p - an uncursed amulet of clarity
 F - an uncursed ring of protection from magic {unknown}
Magical devices
 a - a wand of cold (2)
 c - a wand of invisibility (5)
 j - a wand of polymorph (16)
 x - a wand of paralysis (24)
Scrolls
 d - 2 scrolls of teleportation
 f - a scroll of immolation
 h - 4 scrolls of recharging
 s - 3 scrolls of identify
 t - a scroll of torment {unknown}
 z - a scroll of noise {unknown}
 A - 2 scrolls of blinking
 B - 2 scrolls of remove curse
 D - 3 scrolls of magic mapping
Potions
 m - a potion of magic
 n - 2 potions of cancellation
 o - 2 potions of flight
 q - 2 potions of brilliance
 r - a potion of lignification
 u - 3 potions of curing
 w - a potion of heal wounds
 E - a potion of agility
Books
 i - a book of the Dragon

   Spells                             Type                      Level
   a - Flame Tongue                   Conjuration/Fire             1
   b - Cause Fear                     Hexes                        4
   c - Bolt of Fire                   Conjuration/Fire             6
   d - Dragon Form                    Transmutation                7
   e - Dragon's Call                  Summoning                    9
 l - a book of Enchantments

   Spells                             Type                      Level
   a - Cause Fear                     Hexes                        4
   b - Silence                        Hexes/Air                    5
   c - Deflect Missiles               Charms/Air                   6
   d - Haste                          Charms                       6
   e - Discord                        Hexes                        8
Comestibles
 b - 7 bread rations
 k - 4 meat rations


   Skills:
 - Level 3.0 Fighting
 - Level 2.6 Dodging
 - Level 1.7 Stealth
 - Level 12.4 Unarmed Combat
 + Level 3.6 Invocations


You had 8 spell levels left.
You didn't know any spells.

Dungeon Overview and Level Annotations

Branches:
Dungeon (8/15)             Temple (1/1) D:7            Lair (1/8) D:8

Altars:
Ashenzari
Cheibriados
Dithmenos
Elyvilon
Fedhas
Gozag
Kikubaaqudgha
Makhleb
Nemelex Xobeh
Okawaru
Qazlal
Ru
Sif Muna
Trog
Vehumet
Xom
Yredelemnul
Zin
The Shining One

Annotations:
D:5 kae's ghost, experienced DsMo


Innate Abilities, Weirdness & Mutations

You have a pair of small antennae on your head.
You have claws for hands.
You have large cloven feet.
You are mostly covered in sharp spines.
You tend to lose your temper in combat.
Armour fits poorly on your strangely shaped body.
Your magical capacity is low (-10% MP).


Message History

You kill the komodo dragon!
Qazlal accepts your kill.
Your Invocations skill gained 3 levels and is now at level 3!
Unknown command.
You barely miss the komodo dragon.
The komodo dragon is moderately wounded.
The komodo dragon is struck by your spines.
The komodo dragon bites you!
* * * LOW HITPOINT WARNING * * *
Unknown command.
You barely miss the komodo dragon. Your kick misses the komodo dragon.
The komodo dragon is moderately wounded.
The komodo dragon misses you.
Unknown command.
Read which item? (? for menu, Esc to quit)
Okay, then.
You hear an angry hiss.
The komodo dragon is struck by your spines.
The komodo dragon bites you!
You die...

## ## ##.### ##.##
...... .....
#........ ......
#.....#.#+###P.....
.#...........§......
.............@.#
.........#...l§.#..#
..............§....#
...#.................
..........#.+####.##
#.......#.........
P###......§†?.....
.#.
.......<........... .
.........#.........


You could see a komodo dragon.

Vanquished Creatures
  The ghost of kae the Martial Artist, an experienced DsMo (D:7)
  A komodo dragon (Lair:1)
  Prince Ribbit (D:6)
  A hippogriff (D:8)
  An ice beast (D:5)
  2 sky beasts
  2 ogres
  An eye of draining (D:7)
  An orc warrior (D:8)
  2 centaurs
  2 big kobolds (D:8)
  2 giant frogs (D:7)
  A scorpion (D:5)
  5 hounds
  A wasp zombie (D:8)
  4 crimson imps
  A giant frog zombie (D:5)
  7 orc wizards
  A gnoll shaman (D:8)
  An orc priest (D:6)
  An iguana (D:8)
  6 worker ants
  2 big kobold zombies (Sewer)
  2 hound skeletons
  4 gnolls (D:8)
  9 adders
  A shadow imp (D:5)
  An ufetubus (D:3)
  2 oozes (Sewer)
  An adder zombie (D:6)
  3 adder skeletons
  3 worms
  4 giant geckos
  24 orcs
  12 bats
  8 giant cockroaches
  9 goblins
  8 hobgoblins
  3 jackals (D:7)
  33 kobolds
  2 giant newts
  2 quokkas
  4 rats (D:1)
  5 plants (D:8)
187 creatures vanquished.

Notes
Turn   | Place    | Note
--------------------------------------------------------------
     0 | D:1      | kae the Demonspawn Monk began the quest for the Orb.
     0 | D:1      | Reached XP level 1. HP: 18/18 MP: 1/1
   260 | D:1      | Reached skill level 4 in Unarmed Combat
   276 | D:1      | Gained mutation: You have large cloven feet. [demonic ancestry]
   276 | D:1      | Reached XP level 2. HP: 20/24 MP: 2/2
   755 | D:2      | Gained mutation: You have sharp fingernails. [demonic ancestry]
   755 | D:2      | Reached XP level 3. HP: 22/29 MP: 3/3
   967 | D:2      | Found a faded altar to an unknown god.
  1240 | D:3      | Found a snail-covered altar of Cheibriados.
  1260 | D:3      | Reached skill level 5 in Unarmed Combat
  1310 | D:3      | Reached XP level 4. HP: 21/35 MP: 4/4
  1511 | D:3      | Found a bloodstained altar of Trog.
  1734 | D:3      | Found a glowing drain.
  1748 | Sewer    | Entered a sewer
  1973 | Sewer    | Gained mutation: You have a pair of small antennae on your head. [demonic ancestry]
  1973 | Sewer    | Reached XP level 5. HP: 30/41 MP: 5/5
  1990 | Sewer    | Noticed kae's ghost (average DsMo)
  1999 | Sewer    | HP: 1/41 [kae's ghost (6)]
  2351 | D:3      | Reached skill level 6 in Unarmed Combat
  3300 | D:4      | Gained mutation: You are partially covered in sharp spines. [demonic ancestry]
  3300 | D:4      | Reached XP level 6. HP: 5/47 MP: 6/6
  3754 | D:4      | Reached skill level 7 in Unarmed Combat
  4106 | D:5      | Entered Level 5 of the Dungeon
  4310 | D:5      | Noticed kae's ghost (experienced DsMo)
  4335 | D:4      | Gained mutation: Armour fits poorly on your strangely shaped body. [potion of mutation]
  4335 | D:4      | Gained mutation: Your magical capacity is low (-10% MP). [potion of mutation]
  4335 | D:4      | Gained mutation: You tend to lose your temper in combat. [potion of mutation]
  4556 | D:5      | Found a burning altar of Makhleb.
  4576 | D:5      | Gained mutation: You have very sharp fingernails. [demonic ancestry]
  4576 | D:5      | Reached XP level 7. HP: 49/52 MP: 6/6
  4691 | D:5      | Reached skill level 8 in Unarmed Combat
  5264 | D:5      | Reached skill level 9 in Unarmed Combat
  5430 | D:6      | Gained mutation: You have claws for hands. [demonic ancestry]
  5430 | D:6      | Reached XP level 8. HP: 47/58 MP: 7/7
  5585 | D:6      | Noticed Prince Ribbit
  5596 | D:6      | Killed Prince Ribbit
  5812 | D:6      | Reached skill level 10 in Unarmed Combat
  6468 | D:7      | Killed kae's ghost
  6468 | D:7      | Reached skill level 11 in Unarmed Combat
  6824 | D:7      | Gained mutation: You are mostly covered in sharp spines. [demonic ancestry]
  6824 | D:7      | Reached XP level 9. HP: 63/63 MP: 8/8
  7015 | D:7      | Found a staircase to the Ecumenical Temple.
  7172 | Temple   | Entered the Ecumenical Temple
  7276 | Temple   | Became a worshipper of Qazlal Stormbringer
  7276 | Temple   | Acquired Qazlal's first power
  7276 | Temple   | Acquired Qazlal's second power
  7706 | D:8      | Found a staircase to the Lair.
  7829 | D:8      | Reached skill level 12 in Unarmed Combat
  7845 | D:8      | Found a glowing silver altar of Zin.
  7854 | D:8      | Found a deep blue altar of Sif Muna.
  8105 | D:8      | Acquired Qazlal's third power
  8310 | D:8      | Found an iron altar of Okawaru.
  8319 | D:8      | Found a shadowy altar of Dithmenos.
  8459 | Lair:1   | Entered Level 1 of the Lair of Beasts
  8459 | Lair:1   | Noticed a komodo dragon
  8460 | Lair:1   | Noticed a komodo dragon
  8469 | Lair:1   | Killed a komodo dragon
  8478 | Lair:1   | Slain by a komodo dragon

Vault maps used:
D:1:      lemuel_arrival_cross
D:2:      ecumenical_altar_2
D:3:      wad_pebble_path, cheibriados_altar_1, bloody_trog,
          portal_sewer_entry_d, first_bread
D:5:      bloody_makhleb
D:6:      uniq_prince_ribbit1
D:7:      temple_fountains, kennysheep_generic_room_14
D:8:      kennysheep_kobold_camp, nicolae_overflow_quartered_altars
Temple:   circular_temple_12
Lair:1:   minivault_25
Sewer:    kennysheep_sewer_church

Action                   |  1- 3 |  4- 6 |  7- 9 || total
-------------------------+-------+-------+-------++-------
Melee: Unarmed           |   145 |   184 |   237 ||   566
  Use: Potion            |       |     2 |     2 ||     4
       Scroll            |       |    15 |       ||    15
 Stab: Sleeping          |     5 |     5 |     5 ||    15
       Distracted        |       |     1 |       ||     1
  Eat: Chunk             |     1 |    11 |    13 ||    25
